Zazza, neutral female human Tourist ----- |....##########----------- |.<.| #|.........| |...| #|.........| -|--- #|.......... ## #--|-------- # #################@h ------------ ### # ####f# ............| # ##### ........| ----.- -.------------ .(| |....| |............| | |.....#####|`...........| |....| #.............. |....| -------------- |>...| ------ Zazza the Rambler Experience level: 1 Strength: 9 Dexterity: 12 Constitution: 13 Intelligence: 12 Wisdom: 11 Charisma: 18 Health: 0(10) Energy: 2(2) Def: 2 Gold: 751 Moves: 1189 Dungeon seed: -Vx1NfxkpZDpxWzj Game ID: Zazza_1619679453 Your Inventory: Coins $ - 751 gold pieces Weapons a - 33 +2 darts (in quiver) p - a +0 dagger (weapon in hand) Armor e - an uncursed +0 Hawaiian shirt (being worn) y - an uncursed +0 orcish helm (being worn) I - a cursed -1 pair of fumble boots named cursed N - an uncursed +0 alchemy smock (being worn) Comestibles c - 5 uncursed food rations d - 2 uncursed eggs f - 2 uncursed oranges g - an uncursed fortune cookie A - an uncursed fortune cookie D - 2 uncursed apples J - an uncursed tin of kobold meat L - an uncursed clove of garlic O - an uncursed tin of newt meat U - an uncursed egg Scrolls j - 2 uncursed scrolls of magic mapping k - a blessed scroll of magic mapping x - an uncursed scroll of scare monster C - an uncursed scroll of amnesia H - an uncursed scroll of scare monster M - an uncursed scroll of identify Q - 2 uncursed scrolls of enchant weapon T - an uncursed scroll of magic mapping Potions h - a blessed potion of extra healing i - an uncursed potion of extra healing o - a blessed potion of gain ability r - an uncursed potion of levitation w - an uncursed potion of water E - an uncursed potion of booze K - an uncursed potion of blindness Rings n - a cursed -2 ring of increase damage (on left hand) Tools l - an expensive camera (0:64) z - an uncursed lock pick Gems q - an uncursed worthless piece of blue glass Spells and supernatural/magical abilities: Name Level Category Fail Memory W - pray for help -- divine ? -- Your skills at the end: Fighting Skills Weapon Skills dart [Basic] Spellcasting Skills Final Attributes: You were nominally aligned. You were poison resistant. You were acid resistant. You had a -2 damage penalty. You were lucky. You are dead. Vanquished creatures: 3 jackals 3 kobolds a goblin 3 sewer rats 7 lichens a kobold zombie 2 newts 20 creatures vanquished. Voluntary challenges: You followed a strict vegan diet. You were an atheist. You used a wielded weapon 2 times, starting on turn 474. You were a pacifist. You read items or engraved 1 time, starting on turn 70. You never genocided any monsters. You never polymorphed an object. You never changed form. You used no wishes. You never split a pudding. You never wrote Elbereth's name. You never violated your personal moral code. Dungeon overview: The Dungeons of Doom: levels 1 to 3 Level 1 a fountain a long staircase Level 2 a general store, a fountain Level 3 <- You were here a long staircase History has recorded: On T:1 you entered the Dungeons of Doom to retrieve the Amulet of Yendor! On T:382 you reached level 2 of The Dungeons of Doom. On T:1033 you reached level 3 of The Dungeons of Doom. Score breakdown: Gold: 201 ( 7842 points) Experience: 1 level ( 0 points) Exploration: 3 levels ( 6.00%) ( 6060 points) Discoveries: 3 items ( 1.01%) ( 3010 points) Valuables value: (no points given unless you survive) Artifact value: 0 ( 0 points) Variety of kills: 7 monsters ( 1.84%) ( 4066 points) Turncount: 1189 turns ( 0 points) Survival: died (score multiplied by 80%) Total score: 16782 Latest messages: You stop. Armand is in the way! You are beginning to feel hungry. You stop. Armand is in the way! You displace Armand. This lichen corpse tastes terrible! You hear the splashing of a naiad. You finish eating the lichen corpse. This lichen corpse tastes terrible! You finish eating the lichen corpse. This lichen corpse tastes terrible! You finish eating the lichen corpse. This lichen corpse tastes terrible! You finish eating the lichen corpse. This lichen corpse tastes terrible! You finish eating the lichen corpse. You displace Armand. The hobbit hits! You displace Armand. The hobbit hits! You die... Final status: Aloha Zazza the Tourist, killed by a hobbit... You died in The Dungeons of Doom on dungeon level 3 with 16782 points, and 751 pieces of gold, after 1189 moves. You were level 1 with a maximum of 10 hit points when you died.